 Dungeon Crawl Stone Soup version 0.32-a0-791-gfc315c9ecd (webtiles) character file.

Game seed: 13481048520219085668

49474 MummyMadness the Fencer (level 13, -5/92 HPs)
             Began as an Octopode Shapeshifter on Feb 13, 2024.
             Was the Champion of Jiyva.
             Slain by a large abomination (13 damage)
             ... while petrified by a basilisk
             ... on level 5 of the Lair of Beasts on Mar 21, 2024.
             The game lasted 00:56:34 (12524 turns).

MummyMadness the Fencer (Octopode Shapeshifter)    Turns: 12524, Time: 00:56:37

Health: -5/92      AC:  6    Str: 21    XL:     13   Next: 90%
Magic:  14/14      EV:  2    Int: 23    God:    Jiyva [******]
Gold:   216        SH:  0    Dex: 24    Spells: 12/12 levels left

rFire   + + .        b - +11 Screaming Sword {sonic wave}
rCold   + . .        R - +18 shield of the Gong {Loud rN+ Will+ rCorr EV-5}
rNeg    + + +        (helmet currently unavailable)
rPois   ∞            f - amulet of reflection
rElec   .            N - ring of positive energy
rCorr   +            I - +6 ring of intelligence
SInv    +            O - +4 ring of protection
Will    +....        S - +6 ring of strength
Stlth   +++          F - ring of protection from fire
HPRegen 1.95/turn    W - ring of Elyvilon, Growing {rPois rC+ Dex+3 Slay+3}
MPRegen 0.94/turn    V - ring of Bioralel {rPois rF+ rN+ Str+2 Dex+4}
                     Q - ring "Omilatiw" {rPois Dex+3}

%: reflection
@: beast-form, petrified
A: beast (slay +4), almost no armour, amphibious, 8 rings, camouflage 1,
gelatinous body 2, (nimble swimmer 1), tentacles, tentacle spike 3, clever 1,
high MP 1, wild magic 1, eyeballs 3, pseudopods 1, tendrils
}: 1/15 runes: slimy
a: Begin Untransformation, Renounce Religion, Oozemancy, Slimify


You were on level 5 of the Lair of Beasts.
You worshipped Jiyva.
Jiyva was exalted by your worship.
You were a hulking beast.
You visited 3 branches of the dungeon, and saw 19 of its levels.
You also visited: Sewer.

You collected 648 gold pieces.
You spent 432 gold pieces at shops.


Innate Abilities, Weirdness & Mutations

You are a hulking beast.
Your limbs bulge with bestial killing power. (Slay +4)
You are immune to poison.
You cannot wear most types of armour.
You are amphibious.
You can wear up to eight rings at the same time.
Your skin changes colour to match your surroundings (Stealth+).
Your pliable body absorbs attacks. (AC +2, EV +2)
((You are camouflaged when in or above water. (Stealth+)))
You have tentacles for arms and can constrict up to eight enemies at once.
One of your tentacles bears a large vicious spike.
Your mind is acute. (Int +4, Str/Dex -1)
You have an increased reservoir of magic. (+10% MP)
Your spells are a little harder to cast, but a little more powerful.
Your body is covered in eyes which may confuse attackers. (Acc +7, SInv)
Armour fits poorly on your pseudopods.
You are covered in slimy tendrils that may disarm your opponents.


   Skills:
 - Level 10.1 Fighting
 - Level 16.0 Long Blades
 * Level 11.9 Dodging
 * Level 3.9 Shields
 - Level 3.0 Unarmed Combat
 - Level 7.0 Shapeshifting


You had 12 spell levels left.
You didn't know any spells.
Your spell library contained the following spells:

 Spells                   Type           Power      Damage    Failure   Level
 Mercury Vapours          Alch/Air       0%         N/A       56%         2
 Call Canine Familiar     Summ           0%         N/A       78%         3
 Mephitic Cloud           Conj/Alch/Air  0%         N/A       78%         3
 Sigil of Binding         Hex            0%         N/A       78%         3
 Summon Ice Beast         Ice/Summ       0%         N/A       78%         3
 Dimensional Bullseye     Hex/Tloc       0%         N/A       99%         4
 Passage of Golubria      Tloc           0%         N/A       99%         4
 Freezing Cloud           Conj/Ice/Air   0%         6-21      100%        5
 Sculpt Simulacrum        Ice/Alch       0%         N/A       100%        6
 Malign Gateway           Summ/Tloc      0%         N/A       100%        7

Inventory:

Hand Weapons
 a - the +8 whip "Kiluhuup" {flame, Int+4}
   (You found it on level 4 of the Dungeon)

   Int+4:     It affects your intelligence (+4).
 b - the +11 Screaming Sword (weapon) {sonic wave}
   (You found it on level 4 of the Dungeon)
 v - a +0 short sword of distortion
 y - a +1 whip of electrocution
Armour
 E - a +2 hat
 G - an orb of guile
 R - the +18 shield of the Gong (worn) {Loud rN+ Will+ rCorr EV-5}
   (You found it on level 5 of the Pits of Slime)

   Loud:      It is deafeningly noisy when blocking attacks.
   EV-5:      It affects your evasion (-5).
   rN+:       It protects you from negative energy.
   Will+:     It increases your willpower.
   rCorr:     It protects you from acid and corrosion.
Magical Staves
 o - a staff of air
 U - the staff of Spite {Will+ Str+3 Conj}
   (You found it on level 5 of the Pits of Slime)

   [staff of conjuration]

   Base accuracy: +5 Base damage: 5 Base attack delay: 1.2 This weapon's minimum
   attack delay (0.6) is reached at skill level 12.
   Str+3:     It affects your strength (+3).
   Will+:     It increases your willpower.
   Conj:      It increases the power of your Conjurations spells.
   It falls into the 'Staves' category.
   It is a one-tentacled weapon.
Jewellery
 f - an amulet of reflection (around mantle)
 g - an amulet of regeneration
 F - a ring of protection from fire (on tentacle)
 I - a +6 ring of intelligence (right tentacle)
 N - a ring of positive energy (left tentacle)
 O - a +4 ring of protection (on tentacle)
 Q - the ring "Omilatiw" (on tentacle) {rPois Dex+3}
   (You found it on level 5 of the Pits of Slime)

   [ring of poison resistance]

   Dex+3:     It affects your dexterity (+3).
   rPois:     It protects you from poison.
 S - a +6 ring of strength (on tentacle)
 T - the amulet of Guibrur {rPois RegenMP+}
   (You found it on level 5 of the Pits of Slime)

   [amulet of magic regeneration]

   It increases your rate of magic regeneration.
   rPois:     It protects you from poison.
   RegenMP+:  It increases your rate of magic regeneration.
 V - the ring of Bioralel (on tentacle) {rPois rF+ rN+ Str+2 Dex+4}
   (You found it on level 5 of the Pits of Slime)

   [ring of positive energy]

   Str+2:     It affects your strength (+2).
   Dex+4:     It affects your dexterity (+4).
   rF+:       It protects you from fire.
   rPois:     It protects you from poison.
   rN+:       It protects you from negative energy.
 W - the ring of Elyvilon, Growing (on tentacle) {rPois rC+ Dex+3 Slay+3}
   (You found it on level 5 of the Pits of Slime)

   [ring of protection from cold]

   Dex+3:     It affects your dexterity (+3).
   Slay+3:    It affects your accuracy & damage with ranged weapons and melee
   (+3).
   rC+:       It protects you from cold.
   rPois:     It protects you from poison.
 Y - the amulet "Woiles" {rPois RegenMP+ rCorr Str+2}
   (You found it on level 5 of the Lair of Beasts)

   [amulet of magic regeneration]

   It increases your rate of magic regeneration.
   Str+2:     It affects your strength (+2).
   rPois:     It protects you from poison.
   rCorr:     It protects you from acid and corrosion.
   RegenMP+:  It increases your rate of magic regeneration.
Talismans
 c - a flux talisman
 B - a beast talisman (active)
Wands
 j - a wand of mindburst (7)
 m - a wand of charming (11) (quivered)
 M - a wand of flame (9)
Scrolls
 d - a scroll of enchant weapon {unknown}
 e - 5 scrolls of teleportation {@r4}
 l - a scroll of enchant armour {unknown}
 s - a scroll of fear
 t - a scroll of immolation {!r}
 w - a scroll of revelation {unknown}
 x - a scroll of vulnerability {unknown}
 C - 3 scrolls of amnesia {unknown}
 J - a scroll of fog {unknown}
 K - 2 scrolls of poison {unknown}
 L - a scroll of blinking
 P - 2 scrolls of noise {unknown}
 X - a scroll of identify {@r1}
Potions
 h - a potion of cancellation
 i - a potion of curing {@q1}
 k - a potion of berserk rage {unknown}
 n - a potion of mutation {!q}
 p - 2 potions of attraction {!q}
 q - 4 potions of heal wounds {@q2}
 r - 3 potions of haste {@q3}
 u - 2 potions of brilliance
 z - a potion of might
 A - a potion of lignification {!q}
 D - a potion of resistance
 H - a potion of degeneration {unknown}

Dungeon Overview and Level Annotations

Branches:
Dungeon (9/15)             Temple (0/1) D:7            Lair (5/5) D:8
 Shoals (0/4) Lair:3       Spider (0/4) Lair:2        Slime (5/5) Lair:4
    Orc (0/2) D:9           Sewer (visited)

Altars:
Ashenzari
Gozag
Sif Muna
Jiyva

Shops:
D:2 =   D:5 [=   D:6 (

Annotations:
D:4 1 exclusion
Lair:2 exclusion: orb spider
Slime:3 Dissolution
Slime:5 Royal Jelly

♣♣. ..♣♣♣♣♣♣♣...♣ ♣♣♣..
...#........♣♣♣♣ ♣♣....
♣...............♣♣♣.....
..............#.........
.........l... #........
.......F...# ###......
.....x.XS..# ##......
......xh.# #.....<.
.......#h# ##......
.....## #S# ##..... ....
k.# ## #...... ...
..##.###...... ..
..†...#....... .
...†.........
.......................
................†......


You could see a large abomination, a basilisk (confused), a blink frog, 2 water
moccasins, a wyvern, 2 small abominations and a wolf.


Message History

A water moccasin comes into view.
The small abomination hits you but does no damage.
The eyeballs on your body gaze at the small abomination.
The small abomination hits you but does no damage.
The blink frog hits you but does no damage.
The large abomination hits you.
The small abomination barely misses the large abomination.
The small abomination hits itself.
The water moccasin barely misses the wolf.
The small abomination hits you!
* * * LOW HITPOINT WARNING * * *
The blink frog blinks!
A wolf comes into view.
The large abomination hits you!!
* * * LOW HITPOINT WARNING * * *
The small abomination hits you!!
* * * LOW HITPOINT WARNING * * *
The wolf moves out of view.
The wolf bites you.
* * * LOW HITPOINT WARNING * * *
The large abomination hits you!!
* * * LOW HITPOINT WARNING * * *
The small abomination hits you but does no damage.
The wolf bites you!
* * * LOW HITPOINT WARNING * * *
The blink frog blinks!
The small abomination hits you.
* * * LOW HITPOINT WARNING * * *
The large abomination hits you!!
You die...
Jiyva sends a jelly to digest your equipment.

Skill      XL: |  1  2  3  4  5  6  7  8  9 10 11 12 13 |
---------------+----------------------------------------+-----
Shapeshifting  | 4 5 6 7 |  7.0
Fighting       | 5 6 8 10 | 10.1
Long Blades    | 6 10 13 15 16 | 16.0
Dodging        | 4 9 11 | 11.9
Shields        | 3 |  3.9
Unarmed Combat | |  3.0

Action                     |  1- 3 |  4- 6 |  7- 9 | 10-12 | 13-15 || total
---------------------------+-------+-------+-------+-------+-------++-------
  Melee: Unarmed           |    55 |    78 |    21 |       |       ||   154
         Constrict         |    13 |    25 |    31 |    34 |    22 ||   125
         Tentacles         |     7 |    13 |    20 |    51 |    29 ||   120
         Punch             |     2 |     2 |       |       |       ||     4
         Whip              |       |       |    45 |       |       ||    45
         Double sword      |       |       |    84 |   241 |   128 ||   453
         Kick              |       |       |     9 |    63 |    47 ||   119
         Pseudopods        |       |       |       |       |     2 ||     2
  Throw: Boomerang         |     3 |    17 |       |       |       ||    20
         Dart              |       |       |     2 |       |       ||     2
 Invoke: Oozemancy         |       |       |       |     1 |       ||     1
         Slimify           |       |       |       |       |     1 ||     1
  Evoke: Wand              |     1 |       |     1 |     5 |     7 ||    14
    Use: Scroll            |     2 |     4 |     1 |     4 |     6 ||    17
         Potion            |       |       |       |       |     1 ||     1
   Stab: Sleeping          |     6 |     2 |     6 |     2 |     1 ||    17
         Distracted        |       |       |       |       |     1 ||     1
 Armour: Skin              |    26 |    29 |    82 |   115 |    64 ||   316
  Dodge: Dodged            |    20 |    37 |   104 |   173 |    64 ||   398
  Block: Kite shield       |       |       |       |       |    49 ||    49

Levels and vault maps discovered:
D:1:      scummos_arrival_simple_crosswalls, layout_loops_ring,
          chequers_ecumenical_altar_island, solitary_fountain,
          minmay_misc_feat_secret_circle, serial_bayou_crossing
D:2:      layout_basic, serial_rivers, chequers_serial_rivers_small_a,
          chequers_serial_rivers_micro_e, chequers_serial_rivers_micro_c,
          chequers_serial_rivers_small_a, chequers_serial_rivers_micro_b,
          chequers_serial_rivers_micro_c, serial_shops, nicolae_shop_tiny_glass,
          minmay_pentomino_p4
D:3:      wad_lake_hut, layout_rooms
D:4:      old_forge, layout_loops_ring, gammafunk_ghost_smash,
          mainiacjoe_sewer_entry_somewhere_in_here_2, minmay_increasing_density
D:5:      layout_layer_cave, hellmonk_sif_muna_bookshelves, serial_shops,
          nicolae_shop_just_a_little_nook, nicolae_shop_gaudy_bauble,
          sigmund_army
D:6:      layout_gridville, serial_shops, shop
D:7:      layout_cave_pools, nicolae_ashenzari_panopticon,
          minmay_temple_entry_waves, serial_bayou, serial_bayou_pond_c,
          serial_bayou_lake_a, serial_bayou_shore_a, serial_bayou_pond_c,
          grunt_ministairs_15, roderic_serpentine_path, uniq_jeremiah
D:8:      layout_basic, hellmonk_lair_entry_icy
D:9:      layout_irregular_city, amcnicky_altar_gilded, david_orc_1_choice
Lair:1:   beast_lair_carwin_large_4, layout_misc_corridors, lemuel_fruit_tree
Lair:2:   layout_small_grid, nicolae_spider_entry_orb_guardian
Lair:3:   beast_lair_carwin_large_2, layout_hall_layers,
          minmay_shoals_entry_beasts, patterned_corridor, uniq_urug
Lair:4:   layout_concentric_octagons, slime_entry_1, minivault_11
Lair:5:   hellmonk_lair_end_abyssal_woods, layout_hall_layers,
          minmay_shattered_shrine
Slime:1:  nicolae_slime_pool, layout_caves, cheibrodos_slime_lost_civilization_4
Slime:2:  layout_caves
Slime:3:  layout_caves, nicolae_slime_phagocytosis, uniq_dissolution
Slime:4:  layout_caves
Slime:5:  slime_pit_nicolae_block_by_block

Notes
Turn   | Place    | Note
-------+----------+-------------------------------------------
     0 | D:1      | MummyMadness the Octopode Shapeshifter began the quest for
                  | the Orb.
     0 | D:1      | Reached XP level 1. HP: 13/13 MP: 1/1
   189 | D:1      | Reached XP level 2. HP: 18/18 MP: 2/2
   558 | D:1      | Found a faded altar of an unknown god.
   586 | D:1      | Prayed at the altar of an unknown god.
   586 | D:1      | Became a worshipper of Jiyva Jucriyni the Shapeless
   586 | D:1      | Reached * piety under Jiyva
   811 | D:2      | Reached XP level 3. HP: 23/23 MP: 3/3
   814 | D:2      | Reached skill level 4 in Shapeshifting
   940 | D:2      | Found Laptaole's Jewellery Emporium.
  1002 | D:2      | Reached ** piety under Jiyva
  1772 | D:3      | Reached XP level 4. HP: 28/28 MP: 4/4
  1853 | D:2      | Reached skill level 5 in Shapeshifting
  1962 | D:3      | Reached XP level 5. HP: 33/33 MP: 5/5
  2274 | D:3      | Reached *** piety under Jiyva
  2352 | D:4      | Gained mutation: Your pliable body absorbs attacks. (AC +2,
                  | EV +2) [Jiyva's grace]
  2352 | D:4      | Gained mutation: Your gelatinous body deflects attacks. (AC
                  | +3, EV +3) [Jiyva's grace]
  2352 | D:4      | Gained mutation: You have a small jelly attached to you
                  | that senses nearby items. [Jiyva's grace]
  2352 | D:4      | Gained mutation: You are partially covered in iridescent
                  | scales. (AC +2) [Jiyva's grace]
  2397 | D:4      | You fall into a shaft and drop 2 floors!
  2490 | D:6      | Noticed a water moccasin
  2498 | D:6      | Killed a water moccasin
  2499 | D:6      | Reached skill level 6 in Shapeshifting
  2499 | D:6      | Reached XP level 6. HP: 38/38 MP: 6/6
  2563 | D:6      | Reached **** piety under Jiyva
  2613 | D:5      | Entered Level 5 of the Dungeon
  2726 | D:4      | Reached skill level 7 in Shapeshifting
  2751 | D:4      | Found a glowing drain.
  2755 | Sewer    | Entered a sewer
  2879 | Sewer    | Reached XP level 7. HP: 43/43 MP: 7/7
  2895 | Sewer    | Reached skill level 2 in Fighting
  2941 | Sewer    | Reached ***** piety under Jiyva
  3066 | D:4      | Identified the +8 whip "Kiluhuup" {flame, Int+4}
  3158 | D:4      | Reached skill level 3 in Fighting
  3168 | D:4      | Reached skill level 4 in Fighting
  3210 | D:4      | Found the +11 Singing Sword {sonic wave}
  3215 | D:4      | Reached skill level 5 in Fighting
  3220 | D:4      | Reached XP level 8. HP: 56/56 MP: 8/8
  3469 | D:4      | Reached skill level 1 in Long Blades
  3542 | D:4      | Found a transporter.
  3545 | D:4      | Found a transporter.
  3546 | D:4      | Noticed Pascal76's ghost (amateur MiFi)
  3608 | D:5      | Gained mutation: You are strong-willed. (Will+) [Jiyva's
                  | grace]
  3608 | D:5      | Gained mutation: You are highly strong-willed. (Will++)
                  | [Jiyva's grace]
  3608 | D:5      | Gained mutation: You are extremely strong-willed. (Will+++)
                  | [Jiyva's grace]
  3608 | D:5      | Gained mutation: You are mostly covered in iridescent
                  | scales. (AC +4) [Jiyva's grace]
  3670 | D:5      | Found Giut's Armour Shop.
  3719 | D:5      | Reached skill level 6 in Fighting
  3789 | D:5      | Reached skill level 2 in Long Blades
  3809 | D:5      | Found Tadd's Jewellery Shop.
  3870 | D:5      | Upgraded the game from 0.32-a0-290-g598725c5f2 to
                  | 0.32-a0-791-gfc315c9ecd
  3888 | D:5      | Noticed Sigmund
  3933 | D:6      | Reached skill level 3 in Long Blades
  4062 | D:6      | Found Lissuo Jipp's Weapon Boutique.
  4210 | D:6      | Reached skill level 4 in Long Blades
  4345 | D:6      | Reached ****** piety under Jiyva
  4600 | D:7      | Reached skill level 5 in Long Blades
  4616 | D:7      | Reached skill level 6 in Long Blades
  4616 | D:7      | Reached XP level 9. HP: 55/62 MP: 9/9
  4672 | D:7      | Found a broken altar of Ashenzari.
  4690 | D:7      | Lost mutation: You are mostly covered in iridescent scales.
                  | (AC +4) [Jiyva's grace]
  4690 | D:7      | Lost mutation: You are extremely strong-willed. (Will+++)
                  | [Jiyva's grace]
  4690 | D:7      | Lost mutation: You are highly strong-willed. (Will++)
                  | [Jiyva's grace]
  4690 | D:7      | Lost mutation: You are strong-willed. (Will+) [Jiyva's
                  | grace]
  4690 | D:7      | Lost mutation: You have a small jelly attached to you that
                  | senses nearby items. [Jiyva's grace]
  4690 | D:7      | Gained mutation: One of your tentacles bears a spike.
                  | [Jiyva's grace]
  4690 | D:7      | Gained mutation: One of your tentacles bears a nasty spike.
                  | [Jiyva's grace]
  4690 | D:7      | Gained mutation: One of your tentacles bears a large
                  | vicious spike. [Jiyva's grace]
  4690 | D:7      | Gained mutation: You expend magic power (3 MP) to
                  | strengthen your wands. [Jiyva's grace]
  4728 | D:7      | Found a staircase to the Ecumenical Temple.
  4820 | D:7      | Reached skill level 7 in Long Blades
  5078 | D:7      | Noticed Jeremiah
  5080 | D:7      | Reached skill level 8 in Long Blades
  5113 | D:7      | Killed Jeremiah
  5212 | D:8      | Reached skill level 9 in Long Blades
  5235 | D:8      | Found a staircase to the Lair.
  5235 | D:8      | Noticed a rime drake
  5238 | D:8      | Killed a rime drake
  5239 | D:8      | Reached skill level 10 in Long Blades
  5239 | D:8      | Reached XP level 10. HP: 56/68 MP: 10/10
  5247 | D:8      | Reached skill level 11 in Long Blades
  5549 | D:8      | Reached skill level 12 in Long Blades
  5807 | D:9      | Found an opulent altar of Gozag.
  6072 | D:9      | Found a staircase to the Orcish Mines.
  6125 | D:9      | Reached skill level 13 in Long Blades
  6262 | D:9      | Lost mutation: You expend magic power (3 MP) to strengthen
                  | your wands. [Jiyva's grace]
  6262 | D:9      | Gained mutation: You possess an exceptional clarity of
                  | mind. [Jiyva's grace]
  6262 | D:9      | Gained mutation: Your spells are a little harder to cast,
                  | but a little more powerful. [Jiyva's grace]
  6262 | D:9      | Gained mutation: Your spells are harder to cast, but more
                  | powerful. [Jiyva's grace]
  6262 | D:9      | Gained mutation: Your spells are much harder to cast, but
                  | much more powerful. [Jiyva's grace]
  6310 | D:9      | Reached XP level 11. HP: 52/72 MP: 11/11
  6670 | D:5      | Found a shimmering blue altar of Sif Muna.
  6727 | D:5      | Killed Sigmund
  6935 | D:4      | Killed Pascal76's ghost
  7033 | Lair:1   | Entered Level 1 of the Lair of Beasts
  7035 | Lair:1   | Reached skill level 14 in Long Blades
  7164 | Lair:1   | Reached skill level 15 in Long Blades
  7209 | Lair:1   | Reached skill level 3 in Dodging
  7307 | Lair:1   | Reached skill level 4 in Dodging
  7307 | Lair:1   | Reached XP level 12. HP: 79/79 MP: 12/12
  7317 | Lair:1   | Reached skill level 16 in Long Blades
  7708 | Lair:1   | Reached skill level 5 in Dodging
  7798 | Lair:2   | Reached skill level 6 in Dodging
  7904 | Lair:2   | Noticed a four-headed hydra
  7916 | Lair:2   | Reached skill level 7 in Dodging
  7923 | Lair:2   | Killed a five-headed hydra
  7929 | Lair:2   | Reached skill level 8 in Dodging
  8066 | Lair:2   | Found a hole to the Spider Nest.
  8150 | Lair:2   | Reached skill level 7 in Fighting
  8314 | Lair:2   | Lost mutation: You possess an exceptional clarity of mind.
                  | [Jiyva's grace]
  8314 | Lair:2   | Lost mutation: Your spells are much harder to cast, but
                  | much more powerful. [Jiyva's grace]
  8314 | Lair:2   | Lost mutation: Your spells are harder to cast, but more
                  | powerful. [Jiyva's grace]
  8314 | Lair:2   | Lost mutation: Your gelatinous body deflects attacks. (AC
                  | +3, EV +3) [Jiyva's grace]
  8314 | Lair:2   | Gained mutation: Your mind is acute. (Int +4, Str/Dex -1)
                  | [Jiyva's grace]
  8314 | Lair:2   | Gained mutation: Your mind is very acute. (Int +8, Str/Dex
                  | -2) [Jiyva's grace]
  8314 | Lair:2   | Gained mutation: You are covered in slimy tendrils that may
                  | disarm your opponents. [Jiyva's grace]
  8314 | Lair:2   | Gained mutation: You have an increased reservoir of magic.
                  | (+10% MP) [Jiyva's grace]
  8759 | D:5      | Bought a +4 ring of protection for 432 gold pieces
  8913 | Lair:3   | Reached skill level 9 in Dodging
  8955 | Lair:3   | Noticed Urug
  8968 | Lair:3   | Killed Urug
  8987 | Lair:3   | Noticed a skyshark
  8994 | Lair:3   | Killed a skyshark
  8995 | Lair:3   | Reached skill level 8 in Fighting
  9076 | Lair:3   | Reached XP level 13. HP: 88/88 MP: 14/14
  9150 | Lair:3   | Found a staircase to the Shoals.
  9201 | Lair:3   | Reached skill level 10 in Dodging
  9265 | Lair:3   | Reached skill level 9 in Fighting
  9728 | Lair:3   | Identified a potion of resistance
  9947 | Lair:4   | Reached skill level 11 in Dodging
  9950 | Lair:4   | Reached skill level 10 in Fighting
  9975 | Lair:4   | Found a viscous altar of Jiyva.
  9975 | Lair:4   | Found a staircase to the Slime Pits.
 10273 | Slime:1  | Entered Level 1 of the Pits of Slime
 10277 | Slime:1  | Noticed a formless jellyfish
 10279 | Slime:1  | Noticed a formless jellyfish
 10279 | Slime:1  | Noticed a formless jellyfish
 10284 | Slime:1  | Noticed a rockslime
 10288 | Slime:1  | Noticed an acid blob
 10293 | Slime:1  | Noticed an azure jelly
 10412 | Slime:2  | Noticed an acid blob
 10603 | Slime:2  | Noticed an acid blob
 10614 | Slime:2  | Noticed an azure jelly
 10620 | Slime:2  | Noticed a rockslime
 10656 | Slime:2  | Noticed an acid blob
 10711 | Slime:3  | Noticed a rockslime
 10730 | Slime:3  | Noticed Dissolution
 10735 | Slime:3  | Noticed an acid blob
 10779 | Slime:3  | Noticed a quicksilver ooze
 10790 | Slime:4  | Noticed an acid blob
 10790 | Slime:4  | Noticed an acid blob
 10794 | Slime:5  | Entered Level 5 of the Pits of Slime
 10803 | Slime:5  | Noticed an azure jelly
 10807 | Slime:5  | Noticed an azure jelly
 10813 | Slime:5  | Noticed a great orb of eyes
 10816 | Slime:5  | Noticed a rockslime
 10833 | Slime:5  | Noticed a rockslime
 10885 | Slime:5  | Noticed a great orb of eyes
 10885 | Slime:5  | Noticed an acid blob
 10886 | Slime:5  | Found a viscous altar of Jiyva.
 10886 | Slime:5  | Noticed a great orb of eyes
 10888 | Slime:5  | Noticed an acid blob
 10888 | Slime:5  | Found the +18 shield of the Gong {Loud rN+ Will+ rCorr
                  | EV-5}
 10894 | Slime:5  | Identified the ring "Omilatiw" {rPois Dex+3}
 10913 | Slime:5  | Noticed a great orb of eyes
 10920 | Slime:5  | Noticed an acid blob
 10923 | Slime:5  | Noticed an acid blob
 10929 | Slime:5  | Noticed an acid blob
 11074 | Slime:5  | Noticed an azure jelly
 11075 | Slime:5  | Noticed the Royal Jelly
 11082 | Slime:5  | Got Eba Meokk's Incunable of Relocation and Glaciation
 11101 | Slime:5  | Identified the amulet of Guibrur {rPois RegenMP+}
 11106 | Slime:5  | Got a slimy rune of Zot
 11109 | Slime:5  | Identified the staff of Spite {Will+ Str+3 Conj}
 11122 | Slime:5  | Identified the ring of Bioralel {rPois rF+ rN+ Str+2 Dex+4}
 11128 | Slime:5  | Identified the ring of Elyvilon, Growing {rPois rC+ Dex+3
                  | Slay+3}
 11330 | Slime:5  | Noticed an acid blob
 11469 | Slime:5  | Noticed a great orb of eyes
 11633 | Slime:4  | Noticed a great orb of eyes
 11666 | Slime:4  | Noticed a great orb of eyes
 11672 | Slime:4  | Noticed a rockslime
 11831 | Slime:4  | Noticed an azure jelly
 11834 | Slime:4  | Noticed a rockslime
 11960 | Slime:3  | Noticed a formless jellyfish
 11966 | Slime:3  | Noticed a formless jellyfish
 11966 | Slime:3  | Noticed a rockslime
 12009 | Slime:3  | Noticed a rockslime
 12165 | Slime:3  | Noticed a great orb of eyes
 12354 | Lair:5   | Entered Level 5 of the Lair of Beasts
 12362 | Lair:5   | Reached skill level 1 in Shields
 12384 | Lair:5   | Reached skill level 2 in Shields
 12496 | Lair:5   | Identified the amulet "Woiles" {rPois RegenMP+ rCorr Str+2}
 12505 | Lair:5   | Lost mutation: You are partially covered in iridescent
                  | scales. (AC +2) [Jiyva's grace]
 12505 | Lair:5   | Lost mutation: Your mind is very acute. (Int +8, Str/Dex
                  | -2) [Jiyva's grace]
 12505 | Lair:5   | Gained mutation: Your body has grown eyes which may confuse
                  | attackers. (Acc +3) [Jiyva's grace]
 12505 | Lair:5   | Gained mutation: Your body has grown many eyes which may
                  | confuse attackers. (Acc +5) [Jiyva's grace]
 12505 | Lair:5   | Gained mutation: Your body is covered in eyes which may
                  | confuse attackers. (Acc +7, SInv) [Jiyva's grace]
 12505 | Lair:5   | Gained mutation: Armour fits poorly on your pseudopods.
                  | [Jiyva's grace]
 12509 | Lair:5   | Reached skill level 3 in Shields
 12524 | Lair:5   | HP: 9/92 [wolf (4)]
 12524 | Lair:5   | Slain by a large abomination

Vanquished Creatures
  2 hydras
  Urug (Lair:3)
  2 skysharks
  4 elephants (Lair:4)
  2 manticores (Lair:3)
  A torpor snail (Lair:1)
  6 black mambas
  A smoke demon (Lair:5)
  12 cane toads
  2 rime drakes
  Jeremiah (D:7)
  6 komodo dragons
  A troll (D:9)
  8 polar bears
  14 blink frogs
  A raiju (Lair:5)
  A shadow (D:8)
  Sigmund (D:5)
  4 wyverns
  A wraith (D:9)
  The ghost of Pascal76 the Trooper, an amateur MiFi (D:4)
  49 yaks
  2 basilisks
  A steam dragon (D:7)
  3 wargs (D:9)
  An acid dragon (D:9)
  13 water moccasins
  11 black bears
  3 orc warriors
  5 ice beasts
  A small abomination (Lair:5)
  30 wolves
  3 centaurs
  2 ogres (D:4)
  A kobold brigand (Sewer)
  A phantom (D:6)
  A gnoll sergeant (D:6)
  15 bullfrogs
  5 scorpions (D:4)
  7 wights
  A howler monkey (D:5)
  3 electric eels (D:7)
  3 bombardier beetles
  5 orc priests
  4 hounds
  2 sleepcaps
  2 iguanas
  6 orc wizards
  7 hell rats (Lair:3)
  9 adders
  5 gnolls
  A shadow imp (D:6)
  2 white imps
  3 ribbon worms
  22 orcs
  14 bats
  An endoplasm (D:1)
  2 giant cockroaches
  2 goblins
  8 hobgoblins
  2 jackals (D:2)
  A quokka (D:3)
  10 ball pythons
  4 frilled lizards
  21 kobolds
  7 rats
373 creatures vanquished.

Vanquished Creatures (collateral kills)
  A rime drake (D:8)
  2 yaks (Lair:2)
  An orc warrior (D:9)
  An ice beast (D:8)
  An orc (D:8)
6 creatures vanquished.

Vanquished Creatures (others)
  A slime creature (Lair:3)
  A wyvern (D:8)
  A black bear (D:8)
  A scorpion (D:7)
  19 jellies
  A howler monkey (D:6)
  2 orc priests
  2 orc wizards
  An adder (D:5)
  An endoplasm (D:2)
  7 orcs
  2 ball pythons
  A bat (D:2)
  A giant cockroach (D:4)
  A goblin (D:2)
  A hobgoblin (D:2)
  2 kobolds (D:2)
  A rat (D:2)
46 creatures vanquished.

Grand Total: 425 creatures vanquished
